 Dungeon Crawl Stone Soup version 0.27-a0-1572-gacd6f1ce93 (webtiles) character file.

Game seed: 6816749752479586819

1398 MacCMillion the Chiller (level 8, 0/62 HPs)
             Began as a Merfolk Ice Elementalist on July 17, 2021.
             Slain by a white imp (3 damage)
             ... on level 6 of the Dungeon.
             The game lasted 00:44:35 (10772 turns).

MacCMillion the Chiller (Merfolk Ice Elementalist) Turns: 10772, Time: 00:44:36

Health: 0/62       AC:  5    Str: 10    XL:     8   Next: 69%
Magic:  9/12       EV: 15    Int: 21    God:
Gold:   211        SH:  0    Dex: 18    Spells: 6/13 levels left

rFire    . . .     SeeInvis .   f - +0 dagger
rCold    . . .     Faith    .   (no shield)
rNeg     . . .     Spirit   .   p - +1 robe "Xopiuraj" {Dex+4}
rPois    .         Reflect  .   (no helmet)
rElec    .         Harm     .   (no cloak)
rCorr    .         Rampage  .   u - +1 pair of gloves
Will     .....                  (no boots)
Stlth    +++.......             v - amulet of magic regeneration
HPRegen  0.20/turn              c - +6 ring of intelligence
MPRegen  0.38/turn              b - ring of wizardry

@: no status effects
A: (nimble swimmer 2), mertail
a: no special abilities


You were on level 6 of the Dungeon.
You visited 2 branches of the dungeon, and saw 7 of its levels.

You collected 211 gold pieces.

Inventory:

Hand Weapons
 d - a +0 short sword
 f - a +0 dagger (weapon)
Missiles
 e - 157 stones
Armour
 p - the +1 robe "Xopiuraj" (worn) {Dex+4}
   (You found it on level 4 of the Dungeon)

   Dex:       It affects your dexterity (+4).
 q - a +0 leather armour
 u - a +1 pair of gloves (worn)
Jewellery
 b - a ring of wizardry (right hand)
 c - a +6 ring of intelligence (left hand)
 v - an amulet of magic regeneration (around neck)
Wands
 t - a wand of flame (8)
 A - a wand of digging (5)
Scrolls
 g - a scroll of blinking {unknown}
 h - a scroll of immolation
 j - a scroll of noise {unknown}
 l - a scroll of enchant armour {unknown}
 m - a scroll of teleportation
 n - a scroll of amnesia {unknown}
 o - a scroll of vulnerability {unknown}
 y - a scroll of holy word {unknown}
Potions
 a - a potion of mutation
 i - a potion of attraction
 k - 2 potions of lignification
 r - a potion of brilliance {unknown}
 s - 2 potions of heal wounds {unknown}
 w - 2 potions of haste {unknown}
 x - a potion of invisibility {unknown}


   Skills:
 - Level 5.3 Fighting
 + Level 4.2 Short Blades
 + Level 6.0 Dodging
 + Level 5.7 Stealth
 + Level 3.0 Spellcasting
 - Level 7.0 Ice Magic


You had 6 spell levels left.
You knew the following spells:

 Your Spells              Type           Power      Damage    Failure   Level
a - Freeze                Ice            100%       1d11      1%          1
b - Frozen Ramparts       Ice            64%        1d8       1%          3
c - Ozocubu's Armour      Ice            32%        N/A       1%          3

Your spell library contained the following spells:

 Spells                   Type           Power      Damage    Failure   Level
 Hailstorm                Conj/Ice       17%        3d6       12%         4


Dungeon Overview and Level Annotations

Branches:
Dungeon (6/15)             Temple (1/1) D:6

Altars:
Ashenzari
Elyvilon
Fedhas
Gozag
Hepliaklqana
Kikubaaqudgha
Makhleb
Nemelex Xobeh
Okawaru
Qazlal
Ru
Sif Muna
Trog
Uskayaw
Vehumet
Wu Jian
Xom
Yredelemnul
Zin
The Shining One
Beogh

Annotations:
D:3 2 runed translucent doors, Sigmund; mora's ghost, weakling MfGl
D:4 3 runed translucent doors, Lemonice's ghost, amateur FoAK
D:6 Grinder


Innate Abilities, Weirdness & Mutations

((You are quick and stealthy near water. (Stealth+, EV+, Speed+++)))
Your lower body shifts to a powerful aquatic tail in water.


Message History

Uppercase [Y]es or [N]o only, please.
Your icy armour will break if you move.
Continue? [Y]es or [N]o only, please.
Your icy armour will break if you move.
Continue? [Y]es or [N]o only, please.
Your icy armour will break if you move.
Continue?
Your icy armour cracks and falls away as you move.
You hit the white imp.
The white imp is severely wounded.
The white imp hits you. The white imp freezes you.
You hit the white imp.
The white imp is almost dead.
The white imp gestures at you. The puff of frost hits you.
You hit the white imp but do no damage.
The white imp is almost dead.
The white imp gestures at you. The puff of frost hits you.
* * * LOW HITPOINT WARNING * * *
Aiming: Freeze (safe; 1% risk of failure)
Press: ? - help, Q - select action, (/) - cycle Shift-Dir - straight line, f - scorpion
Aim: a scorpion You freeze the scorpion.
The scorpion is lightly wounded.
The scorpion closely misses you. The white imp gestures at you.
The puff of frost hits you!
* * * LOW HITPOINT WARNING * * *
Aiming: Freeze (safe; 1% risk of failure)
Press: ? - help, Q - select action, (/) - cycle Shift-Dir - straight line, f/p - scorpion
Aim: a scorpion (lightly wounded)
You freeze the scorpion!
The scorpion is heavily wounded.
The scorpion stings you.
* * * LOW HITPOINT WARNING * * *
The white imp misses you.
You feel better. The scorpion stings you.
* * * LOW HITPOINT WARNING * * *
The white imp hits you.
You die...

#..._...............
##....._...........#
.##..................#
..._..8.._..........#
.##..................#
......##....._...........<$.##
.......
......_.†.s...........).
......##.
#..s5####.#.########. ........
#.>.@####.#.# ......#
####....##.#.# ......#
#............. ......#
#.##..........
..##########.##.##.##...
......#...#.........#)..
........................
......[...#..⌠...⌠..#.$.
.[........#.........#...


You could see a scorpion and a white imp.

Vanquished Creatures
  Eustachio (D:4)
  Duvessa (D:4)
  An orc warrior (D:6)
  An ogre (D:5)
  A necrophage (D:5)
  2 centaurs
  A bullfrog (D:6)
  2 scorpions
  Dowan (D:4)
  A water moccasin skeleton (D:5)
  A howler monkey (D:5)
  A centaur zombie (D:6)
  A jelly (D:5)
  A hound (D:5)
  Ijyb (D:5)
  2 orc wizards
  2 hound skeletons (D:4)
  4 gnolls
  A howler monkey skeleton (D:5)
  7 adders
  A white imp (D:5)
  An ufetubus (D:6)
  An adder zombie (D:5)
  4 dart slugs
  9 orcs
  10 endoplasms
  A giant cockroach (D:1)
  7 goblins
  7 hobgoblins
  13 jackals
  4 quokkas
  4 ball pythons
  6 bats
  4 frilled lizards
  5 kobolds
  3 rats
113 creatures vanquished.

Vanquished Creatures (others)
  A plant (D:2)
1 creature vanquished.

Grand Total: 114 creatures vanquished

Notes
Turn   | Place    | Note
-------+----------+-------------------------------------------
     0 | D:1      | MacCMillion the Merfolk Ice Elementalist began the quest
                  | for the Orb.
     0 | D:1      | Reached XP level 1. HP: 13/13 MP: 3/3
   202 | D:1      | Reached XP level 2. HP: 19/19 MP: 5/5
   387 | D:1      | Reached skill level 5 in Ice Magic
   647 | D:1      | Reached XP level 3. HP: 22/24 MP: 4/6
  2171 | D:2      | Reached XP level 4. HP: 24/30 MP: 3/7
  2408 | D:2      | Found a faded altar of an unknown god.
  2707 | D:2      | You fall into a shaft and drop 1 floor!
  2923 | D:3      | Learned a level 3 spell: Frozen Ramparts
  2954 | D:2      | Reached skill level 6 in Ice Magic
  3101 | D:1      | Reached XP level 5. HP: 8/35 MP: 5/8
  3574 | D:3      | Noticed Sigmund
  4719 | D:4      | Noticed Eustachio
  4738 | D:4      | Identified the +1 robe "Xopiuraj" {Dex+4}
  4745 | D:4      | Killed Eustachio
  4746 | D:4      | Reached skill level 7 in Ice Magic
  4746 | D:4      | Reached XP level 6. HP: 15/45 MP: 3/9
  4760 | D:4      | Noticed Duvessa
  4953 | D:4      | Killed Duvessa
  4954 | D:4      | Noticed Dowan
  5312 | D:4      | Killed Dowan
  5313 | D:4      | Reached XP level 7. HP: 42/54 MP: 5/10
  5667 | D:4      | Found a radiant altar of Vehumet.
  5760 | D:3      | Found a runed translucent door.
  6616 | D:3      | Noticed mora's ghost (weakling MfGl)
  6635 | D:3      | Found a runed translucent door.
  7046 | D:4      | Found a runed translucent gate.
  7048 | D:4      | Found a runed translucent gate.
  7049 | D:4      | Found a runed translucent gate.
  7051 | D:4      | Noticed Lemonice's ghost (amateur FoAK)
  7312 | D:5      | Entered Level 5 of the Dungeon
  7326 | D:5      | Reached skill level 5 in Stealth
  7559 | D:5      | Reached skill level 1 in Short Blades
  7671 | D:5      | Learned a level 3 spell: Ozocubu's Armour
  8333 | D:5      | Reached skill level 5 in Fighting
  8333 | D:5      | Reached XP level 8. HP: 32/61 MP: 6/11
  8515 | D:5      | Noticed Ijyb
  8618 | D:5      | Reached skill level 5 in Dodging
  9273 | D:5      | Found a sacrificial altar of Ru.
  9300 | D:5      | Killed Ijyb
  9862 | D:6      | Found a staircase to the Ecumenical Temple.
 10014 | D:6      | Found a hazy altar of Hepliaklqana.
 10015 | D:6      | Found a hide-covered altar of Uskayaw.
 10015 | D:6      | Noticed Grinder
 10663 | Temple   | Entered the Ecumenical Temple
 10740 | D:6      | Found a glowing silver altar of Zin.
 10741 | D:6      | Found a glowing golden altar of the Shining One.
 10743 | D:6      | Found an ancient bone altar of Kikubaaqudgha.
 10746 | D:6      | Found an opulent altar of Gozag.
 10771 | D:6      | HP: 3/62 [scorpion (4)]
 10772 | D:6      | Slain by a white imp

Illustrated notes

Levels and vault maps discovered:
D:1:      saegor_arrival_simple_a, layout_basic
D:2:      layout_loops_cross, serial_forest, infiniplex_forest_end_2,
          infiniplex_forest_lined_room_3, infiniplex_forest_lined_3_way,
          infiniplex_forest_lined_2, infiniplex_forest_straight_1,
          hellmonk_ecumenical_altar_dog_temple, corner_web_ring,
          minmay_misc_feat_iff
D:3:      layout_basic, ebering_ghost_sewer_f, uniq_sigmund
D:4:      layout_loops_ring, lemuel_crystal_altar, biasface_ghost_orc_armoury,
          uniq_eustachio, uniq_duvessa
D:5:      layout_gridville, nicolae_ru_awakened_eye, uniq_ijyb
D:6:      layout_rooms, grunt_temple_overflow_open,
          minmay_temple_entry_large_hall, portal_sewer_entry_d, uniq_grinder
Temple:   nicolae_temple_hex_pool

Skill      XL: |  1  2  3  4  5  6  7  8 |
---------------+-------------------------+-----
Ice Magic      | 5 6 7 |  7.0
Stealth        | 3 4 5 |  5.7
Fighting       | 2 4 5 |  5.3
Dodging        | 3 4 6 |  6.0
Short Blades   | 2 4 |  4.2
Spellcasting   | 3 |  3.0

Action                   |  1- 3 |  4- 6 |  7- 9 || total
-------------------------+-------+-------+-------++-------
Melee: Short sword       |     3 |       |       ||     3
       Dagger            |    55 |    93 |   196 ||   344
 Cast: Freeze            |    42 |    47 |    84 ||   173
       Frozen Ramparts   |       |       |     5 ||     5
       Ozocubu's Armour  |       |       |     6 ||     6
  Use: Potion            |       |     3 |     1 ||     4
       Scroll            |       |     1 |     4 ||     5
 Stab: Sleeping          |     3 |     7 |     6 ||    16
       Distracted        |       |       |     3 ||     3
Armor: Robe              |    14 |    20 |    78 ||   112
Dodge: Dodged            |    44 |    96 |   254 ||   394

Table legend: (Time is in decaauts)
 A = Elapsed time spent in this place.
 B = Non-inter-level travel time spent in this place.
 C = Inter-level travel time spent in this place.
 D = Time resting spent in this place.
 E = Time spent auto-exploring this place.
 F = Levels seen in this place.
 G = Mean time per level.
                   A        B        C        D        E       F      G
               +--------+--------+--------+--------+--------+-----+--------+
         Total |  10770 |  10118 |    652 |   3861 |   4013 |   7 | 1538.6 |
       Dungeon |  10698 |  10052 |    646 |   3861 |   3948 |   6 | 1783.0 |
        Temple |     71 |     66 |      5 |      0 |     65 |   1 |   71.0 |
               +--------+--------+--------+--------+--------+-----+--------+

Top non-repeatable levels by time:
     D:5: 2695 daAuts
     D:1: 2646 daAuts
     D:4: 2105 daAuts
     D:2: 1768 daAuts
     D:3: 1335 daAuts
     D:6: 146 daAuts
  Temple: 71 daAuts
